 Dungeon Crawl Stone Soup version 0.21.1-1-g345015f (webtiles) character file.

78 tyranidshit the Skirmisher (level 4, 0/55 HPs)
             Began as a Demonspawn Abyssal Knight on July 25, 2018.
             Was a Believer of Lugonu.
             Succumbed to Crazy Yiuf's poison
             ... on level 2 of the Dungeon.
             The game lasted 00:03:50 (942 turns).

tyranidshit the Skirmisher (DsAK)                    Turns: 942, Time: 00:03:51

Health: 0/55       AC: 22    Str: 14    XL:     4   Next: 15%
Magic:  5/5        EV:  2    Int: 13    God:    Lugonu [**....]
Gold:   58         SH:  0    Dex: 12    Spells: 3/3 levels left

rFire    . . .     SeeInvis .   a - +1 hand axe
rCold    . . .     Gourm    .   (no shield)
rNeg     + + +     Faith    +   (armour currently unavailable)
rPois    +         Spirit   .   (helmet currently unavailable)
rElec    .         Reflect  .   (cloak currently unavailable)
rCorr    .         Harm     .   (gloves currently unavailable)
MR       .....     NoTele   +   (boots currently unavailable)
Stlth    +.........             g - amulet of faith
HPRegen  0.18/turn              (no ring)
MPRegen  0.09/turn              (no ring)

@: lethally poisoned (0 -> -5), tree-form, slowed, very slow
A: no striking features
a: Depart the Abyss, Bend Space, Renounce Religion


You were on level 2 of the Dungeon.
You worshipped Lugonu.
Lugonu was pleased with you.
You were not hungry.
You were a tree.
You visited 1 branch of the dungeon, and saw 2 of its levels.
You visited the Abyss 1 time.

You collected 58 gold pieces.

Inventory:

Hand Weapons
 a - a +1 hand axe (weapon)
Armour
 b - a +0 leather armour
 i - a +0 chain mail
 j - a +0 plate armour (melded)
Jewellery
 g - an amulet of faith (around neck)
Scrolls
 d - 3 scrolls of identify
Comestibles
 c - 6 rations


   Skills:
 - Level 4.1 Fighting
 - Level 1.7 Axes
 + Level 3.0 Armour
 - Level 0.8 Dodging
 - Level 2.4 Invocations


You had 3 spell levels left.
You didn't know any spells.

Dungeon Overview and Level Annotations

Branches:
Dungeon (2/15)

Altars:

Annotations:
D:2 Crazy Yiuf


Innate Abilities, Weirdness & Mutations

((Your flesh is cold resistant. (rC+)))


Message History

Crazy Yiuf hits you but does no damage.
You are lethally poisoned!
Unknown command.
You barely miss Crazy Yiuf.
Crazy Yiuf is heavily wounded.
* * * LOW HITPOINT WARNING * * *
You feel sick. Crazy Yiuf hits you but does no damage.
You aren't carrying any potions.
You hit Crazy Yiuf.
Crazy Yiuf is heavily wounded.
* * * LOW HITPOINT WARNING * * *
You feel sick. Crazy Yiuf hits you but does no damage.
You feel yourself slow down.
You completely miss Crazy Yiuf.
Crazy Yiuf is heavily wounded.
* * * LOW HITPOINT WARNING * * *
You feel sick.
Crazy Yiuf hits you but does no damage. x2
You closely miss Crazy Yiuf.
Crazy Yiuf is heavily wounded.
You die...

.......#..#.##.#..###........#...
####)##...#..#...............#.##
........#..################..#.#
###..).....# #..#.## .##..#.....#
♣♣♣♣♣##..)..# .....#.....#
#####♣♣♣.♣.....<.÷.. ........>..#
#...#♣..♣..P.......# ...(...†...#
#..g'.♣♣♣♣.........# ...........#
#).♣#♣♣ ♣♣P.......# ...........#
##### ♣♣##...... (..........#
#...... ...........# #...>..
...........######## ##### #######
..................# #...# ###
..........)†).....###...# #####..
..................##....###.....#
##..........................#####


You could see Crazy Yiuf.

Vanquished Creatures
  3 adders (D:2)
  2 oozes (D:1)
  2 dart slugs (D:1)
  2 leopard geckos (D:2)
  3 bats (D:2)
  2 giant cockroaches (D:1)
  9 goblins
  2 hobgoblins
  3 kobolds
  2 frilled lizards
  9 rats
39 creatures vanquished.

Notes
Turn   | Place    | Note
-------+----------+-------------------------------------------
     0 | Abyss:1  | tyranidshit the Demonspawn Abyssal Knight began the quest for the Orb.
     0 | Abyss:1  | Reached XP level 1. HP: 18/18 MP: 2/2
    49 | Abyss:2  | Found an ancient bone altar of Kikubaaqudgha.
    83 | Abyss:2  | Noticed a glowing orange brain
    83 | Abyss:2  | Noticed a rust devil
    89 | D:1      | Escaped the Abyss
   124 | D:1      | Gained mutation: Your flesh is cold resistant. (rC+) [demonic ancestry]
   124 | D:1      | Reached XP level 2. HP: 19/24 MP: 3/3
   158 | D:1      | Reached * piety under Lugonu
   187 | D:1      | Reached skill level 4 in Fighting
   503 | D:2      | Reached XP level 3. HP: 24/30 MP: 4/4
   741 | D:2      | Reached XP level 4. HP: 25/37 MP: 5/5
   809 | D:2      | Reached ** piety under Lugonu
   828 | D:2      | Found a runed door.
   922 | D:2      | Noticed Crazy Yiuf
   940 | D:2      | HP: 2/55 [poisoned by Crazy Yiuf]
   942 | D:2      | Succumbed to Crazy Yiuf's poison

Skill      XL: |  1  2  3  4 |
---------------+-------------+-----
Fighting       | 4 |  4.1
Armour         | 2 3 |  3.0
Axes           | |  1.7
Dodging        | |  0.8
Invocations    | |  2.4

Action                   |  1- 3 |  4- 6 || total
-------------------------+-------+-------++-------
Melee: Hand axe          |   106 |    25 ||   131
Invok: Depart the Abyss  |     1 |       ||     1
  Use: Scroll            |     2 |     1 ||     3
       Potion            |     6 |     2 ||     8
 Stab: Invisible         |     2 |       ||     2
Armor: Leather armour    |     8 |       ||     8
       Plate armour      |   100 |    10 ||   110
       Skin              |       |    13 ||    13
Dodge: Dodged            |    44 |     3 ||    47
